TOP OF THE 1ST |
Miami Beach Marlins batting - Pitching for Palm Beach Nationals : RHP Cheng-ho Tai
|
Pitching: RHP Cheng-ho Tai
|
|
Batting: RHB Rafael Irizarry
|
0-0: Called Strike 0-1: Called Strike 0-2: Ball 1-2: Ball 2-2: Strikes out swinging
|
Batting: LHB Dong-u Chang
|
0-0: Foul Ball, location: 2F 0-1: Fly out, F6 (Line Drive, 6, EV 70.6 MPH)
|
Batting: RHB Scott Talbot
|
0-0: Ball 1-0: Ball 2-0: Ball 3-0: Called Strike 3-1: Base on Balls
|
Batting: RHB David Martin
|
0-0: Ball 1-0: Foul Ball, location: 2F 1-1: Foul Ball, location: 2F 1-2: Ball 2-2: Foul Ball, location: 2F 2-2: Ball 3-2: Foul Ball, location: 2F 3-2: Strikes out looking
|
Top of the 1st over - 0 runs, 0 hits, 0 errors, 1 left on base; Miami Beach 0 - Palm Beach 0 |
BOTTOM OF THE 1ST |
Palm Beach Nationals batting - Pitching for Miami Beach Marlins : RHP Carlos Guerrero
|
Pitching: RHP Carlos Guerrero
|
|
Batting: LHB Chris Williams
|
0-0: Called Strike 0-1: Called Strike 0-2: Ball 1-2: Ball 2-2: Foul Ball, location: 2F 2-2: DOUBLE (Line Drive, 5D, EV 95.0 MPH)
|
Batting: RHB Taffounnout Kame
|
0-0: Called Strike 0-1: Ground out 5-3 (Groundball, 56, EV 102.5 MPH)
|
Batting: RHB Er Le
|
0-0: Called Strike 0-1: Ball 1-1: Called Strike 1-2: Strikes out swinging, 2-3 out at first.
|
Batting: RHB Steve Kunselman
|
0-0: Ball 1-0: Ball 2-0: Called Strike 2-1: Foul Ball, location: 2F 2-2: Hit by Pitch
|
Batting: RHB Aaron Bateman
|
0-0: Foul Ball, location: 2F 0-1: Ball 1-1: Ball 2-1: Ball 3-1: Ground out 6-3 (Groundball, P, EV 82.5 MPH)
|
Bottom of the 1st over - 0 runs, 1 hit, 0 errors, 2 left on base; Miami Beach 0 - Palm Beach 0 |
TOP OF THE 2ND |
Miami Beach Marlins batting - Pitching for Palm Beach Nationals : RHP Cheng-ho Tai
|
Batting: RHB Alberto Bravo
|
0-0: Ball 1-0: Called Strike 1-1: Ball 2-1: Called Strike 2-2: SINGLE (Groundball, 56D, EV 97.5 MPH)
|
Batting: RHB Terrell Smith
|
0-0: Called Strike 0-1: Swinging Strike 0-2: Ball 1-2: Foul Ball, location: 2F 1-2: Ball 2-2: Strikes out looking
|
Batting: RHB Clark Meagher
|
0-0: Ball 1-0: Swinging Strike 1-1: Ball 2-1: Ball 3-1: Foul Ball, location: 2F 3-2: Foul Ball, location: 2F 3-2: Fly out, F9 (Flyball, 89D, EV 90.0 MPH)
|
Batting: RHB Manny Gonzalez
|
0-0: Called Strike 0-1: Swinging Strike 0-2: Foul Ball, location: 2F 0-2: Ball 1-2: Foul Ball, location: 2F 1-2: Foul Ball, location: 2F 1-2: Ball 2-2: Fielders Choice at 2nd, 6-4 (Groundball, 6, EV 101.9 MPH)
|
Top of the 2nd over - 0 runs, 1 hit, 0 errors, 1 left on base; Miami Beach 0 - Palm Beach 0 |
BOTTOM OF THE 2ND |
Palm Beach Nationals batting - Pitching for Miami Beach Marlins : RHP Carlos Guerrero
|
Batting: RHB Scott Merritt
|
0-0: Called Strike 0-1: Ball 1-1: Fly out, F8 (Line Drive, 8LM, EV 95.6 MPH)
|
Batting: RHB Kenny Ball
|
0-0: Swinging Strike 0-1: Fly out, F4 (Popup, 4S, EV 80.0 MPH)
|
Batting: RHB Joe Simmelink
|
0-0: Ball 1-0: Ball 2-0: Ball 3-0: Called Strike 3-1: Ground out 5-3 (Groundball, 56, EV 104.4 MPH)
|
Bottom of the 2nd over - 0 runs, 0 hits, 0 errors, 0 left on base; Miami Beach 0 - Palm Beach 0 |
TOP OF THE 3RD |
Miami Beach Marlins batting - Pitching for Palm Beach Nationals : RHP Cheng-ho Tai
|
Batting: RHB Melvin Nava
|
0-0: Swinging Strike 0-1: Foul Ball, location: 2F 0-2: Ball 1-2: Foul Ball, location: 2F 1-2: DOUBLE (Line Drive, 9LM, EV 106.9 MPH)
|
Batting: RHB Rafael Irizarry
|
0-0: Called Strike 0-1: Foul Ball, location: 2F 0-2: Foul Ball, location: 2F 0-2: Strikes out swinging
|
Batting: LHB Dong-u Chang
|
0-0: Ball 1-0: Fly out, F4 (Line Drive, 4M, EV 103.1 MPH) Lined into DP, U4 (Line Drive, 4M, EV 95.0 MPH)
|
Top of the 3rd over - 0 runs, 1 hit, 0 errors, 0 left on base; Miami Beach 0 - Palm Beach 0 |
BOTTOM OF THE 3RD |
Palm Beach Nationals batting - Pitching for Miami Beach Marlins : RHP Carlos Guerrero
|
Batting: RHB Akira Ishihara
|
0-0: Ball 1-0: Ground out 6-3 (Groundball, 56, EV 105.6 MPH)
|
Batting: LHB Chris Williams
|
0-0: Called Strike 0-1: Called Strike 0-2: Ball 1-2: Foul Ball, location: 2F 1-2: Ball 2-2: Foul Ball, location: 2F 2-2: SINGLE (Groundball, 6MD, EV 106.2 MPH)
|
Batting: RHB Taffounnout Kame
|
0-0: Ball 1-0: Ball 2-0: Called Strike 2-1: Fielders Choice at 2nd, 5-4 (Groundball, 56, EV 81.2 MPH)
|
Batting: RHB Er Le
|
0-0: Called Strike Taffounnout Kame steals 2nd base (no throw) 0-1: Ball 1-1: Foul Ball, location: 2F 1-2: Fly out, F6 (Popup, 4M, EV 70.6 MPH)
|
Bottom of the 3rd over - 0 runs, 1 hit, 0 errors, 1 left on base; Miami Beach 0 - Palm Beach 0 |
TOP OF THE 4TH |
Miami Beach Marlins batting - Pitching for Palm Beach Nationals : RHP Cheng-ho Tai
|
Batting: RHB Scott Talbot
|
0-0: SINGLE (Groundball, 5S, EV 61.9 MPH) (infield hit)
|
Batting: RHB David Martin
|
0-0: Called Strike 0-1: Foul Ball, location: 2F 0-2: Ball 1-2: 2-RUN HOME RUN (Flyball, 7D, EV 101.9 MPH), Distance : 409 ft
|
Batting: RHB Alberto Bravo
|
0-0: Called Strike 0-1: Foul Ball, location: 2F 0-2: Ball 1-2: Foul Ball, location: 2F 1-2: Ball 2-2: Ball 3-2: Foul Ball, location: 2F 3-2: Base on Balls
|
Pitching: RHP Jessie Fisher
|
|
Batting: RHB Terrell Smith
|
0-0: Foul Ball, location: 2F 0-1: Fielders Choice at 2nd, 4-6 (Groundball, 34, EV 80.6 MPH)
|
Batting: RHB Clark Meagher
|
0-0: Called Strike 0-1: Ball Terrell Smith steals 2nd base 1-1: Ball 2-1: Swinging Strike 2-2: Ball 3-2: Foul Ball, location: 2F 3-2: Strikes out swinging
|
Batting: RHB Manny Gonzalez
|
0-0: Ball 1-0: Called Strike 1-1: Ball 2-1: Foul Ball, location: 2F 2-2: Ground out 6-3 (Groundball, 56D, EV 86.9 MPH)
|
Top of the 4th over - 2 runs, 2 hits, 0 errors, 1 left on base; Miami Beach 2 - Palm Beach 0 |
BOTTOM OF THE 4TH |
Palm Beach Nationals batting - Pitching for Miami Beach Marlins : RHP Carlos Guerrero
|
Batting: RHB Steve Kunselman
|
0-0: Ball 1-0: Ball 2-0: Foul Ball, location: 2F 2-1: Ball 3-1: Base on Balls
|
Batting: RHB Aaron Bateman
|
0-0: Ball 1-0: Fly out, F8 (Flyball, 8RM, EV 92.5 MPH)
|
Batting: RHB Scott Merritt
|
0-0: Foul Ball, location: 2F 0-1: Ball 1-1: Foul Ball, location: 2F 1-2: Strikes out swinging
|
Batting: RHB Kenny Ball
|
0-0: Ball 1-0: Called Strike 1-1: Foul Ball, location: 2F 1-2: Foul Ball, location: 2F 1-2: Strikes out swinging
|
Bottom of the 4th over - 0 runs, 0 hits, 0 errors, 1 left on base; Miami Beach 2 - Palm Beach 0 |
TOP OF THE 5TH |
Miami Beach Marlins batting - Pitching for Palm Beach Nationals : RHP Jessie Fisher
|
Batting: RHB Melvin Nava
|
0-0: Ground out 5-3 (Groundball, 56S, EV 89.4 MPH)
|
Batting: RHB Rafael Irizarry
|
0-0: Fly out, F9 (Flyball, 9, EV 81.2 MPH)
|
Batting: LHB Dong-u Chang
|
0-0: Foul Ball, location: 2F 0-1: Ball 1-1: Swinging Strike 1-2: Ball 2-2: Foul Ball, location: 2F 2-2: Foul Ball, location: 2F 2-2: Ball 3-2: SINGLE (Line Drive, 78S, EV 85.6 MPH)
|
Batting: RHB Scott Talbot
|
0-0: Foul Ball, location: 2F 0-1: Ball 1-1: Called Strike 1-2: Foul Ball, location: 2F 1-2: Fielders Choice at 2nd, 6-4 (Groundball, 56, EV 85.0 MPH)
|
Top of the 5th over - 0 runs, 1 hit, 0 errors, 1 left on base; Miami Beach 2 - Palm Beach 0 |
BOTTOM OF THE 5TH |
Palm Beach Nationals batting - Pitching for Miami Beach Marlins : RHP Carlos Guerrero
|
Batting: RHB Joe Simmelink
|
0-0: Ball 1-0: Foul Ball, location: 2F 1-1: Ball 2-1: Swinging Strike 2-2: SINGLE (Flyball, 8RS, EV 100.0 MPH)
|
Batting: RHB Akira Ishihara
|
0-0: Ball 1-0: Foul Ball, location: 2F 1-1: Foul Ball, location: 2F 1-2: Ball 2-2: Grounds into double play, 6-4-3 (Groundball, 6, EV 87.5 MPH)
|
Batting: LHB Chris Williams
|
0-0: Swinging Strike 0-1: Foul Ball, location: 2F 0-2: Foul Ball, location: 2F 0-2: Ball 1-2: Strikes out swinging
|
Bottom of the 5th over - 0 runs, 1 hit, 0 errors, 0 left on base; Miami Beach 2 - Palm Beach 0 |
TOP OF THE 6TH |
Miami Beach Marlins batting - Pitching for Palm Beach Nationals : RHP Jessie Fisher
|
Batting: RHB David Martin
|
0-0: Ball 1-0: Fly out, F9 (Line Drive, 9, EV 108.8 MPH)
|
Batting: RHB Alberto Bravo
|
0-0: Ball 1-0: Ball 2-0: Called Strike 2-1: Ball 3-1: Swinging Strike 3-2: Base on Balls
|
Batting: RHB Terrell Smith
|
0-0: 2-RUN HOME RUN (Flyball, 7D, EV 101.9 MPH), Distance : 424 ft
|
Batting: RHB Clark Meagher
|
0-0: Ball 1-0: Fly out, F8 (Line Drive, 8LM, EV 95.6 MPH)
|
Batting: RHB Manny Gonzalez
|
0-0: Called Strike 0-1: Fly out, F9 (Flyball, 9, EV 85.0 MPH)
|
Top of the 6th over - 2 runs, 1 hit, 0 errors, 0 left on base; Miami Beach 4 - Palm Beach 0 |
BOTTOM OF THE 6TH |
Palm Beach Nationals batting - Pitching for Miami Beach Marlins : RHP Carlos Guerrero
|
Batting: RHB Taffounnout Kame
|
0-0: Ball 1-0: Foul Ball, location: 2F 1-1: Ball 2-1: Foul Ball, location: 2F 2-2: Foul Ball, location: 2F 2-2: Ball 3-2: Foul Ball, location: 2F 3-2: Foul Ball, location: 2F 3-2: Strikes out swinging
|
Batting: RHB Er Le
|
0-0: Ball 1-0: Ball 2-0: Ball 3-0: Base on Balls
|
Batting: RHB Steve Kunselman
|
0-0: Foul Ball, location: 2F 0-1: Foul Ball, location: 2F 0-2: Grounds into double play, 6-4-3 (Groundball, 6, EV 88.1 MPH)
|
Bottom of the 6th over - 0 runs, 0 hits, 0 errors, 0 left on base; Miami Beach 4 - Palm Beach 0 |
TOP OF THE 7TH |
Miami Beach Marlins batting - Pitching for Palm Beach Nationals : RHP Jessie Fisher
|
Batting: RHB Melvin Nava
|
0-0: Called Strike 0-1: Swinging Strike 0-2: Ball 1-2: Strikes out swinging
|
Batting: RHB Rafael Irizarry
|
0-0: Called Strike 0-1: Ball 1-1: SINGLE (Flyball, 9S, EV 83.1 MPH)
|
Batting: LHB Dong-u Chang
|
0-0: Ball Rafael Irizarry steals 2nd base 1-0: Called Strike 1-1: Ball 2-1: Ball 3-1: Base on Balls
|
Batting: RHB Scott Talbot
|
0-0: Foul Ball, location: 2F 0-1: Ball 1-1: Ball 2-1: Ball 3-1: Called Strike 3-2: Foul Ball, location: 2F 3-2: Grounds into double play, 6-4-3 (Groundball, 6, EV 81.9 MPH)
|
Top of the 7th over - 0 runs, 1 hit, 0 errors, 1 left on base; Miami Beach 4 - Palm Beach 0 |
BOTTOM OF THE 7TH |
Palm Beach Nationals batting - Pitching for Miami Beach Marlins : RHP Carlos Guerrero
|
Batting: RHB Aaron Bateman
|
0-0: SINGLE (Line Drive, 89S, EV 102.5 MPH)
|
Batting: RHB Scott Merritt
|
0-0: Ball 1-0: Called Strike Aaron Bateman steals 2nd base 1-1: Swinging Strike 1-2: Ground out 4-3 (Groundball, 4, EV 90.0 MPH) Aaron Bateman to third
|
Batting: RHB Kenny Ball
|
0-0: Called Strike 0-1: Foul Ball, location: 2F 0-2: Ball 1-2: Strikes out swinging
|
Batting: RHB Joe Simmelink
|
0-0: Fly out, F8 (Flyball, 8RD, EV 96.2 MPH)
|
Bottom of the 7th over - 0 runs, 1 hit, 0 errors, 1 left on base; Miami Beach 4 - Palm Beach 0 |
TOP OF THE 8TH |
Miami Beach Marlins batting - Pitching for Palm Beach Nationals : RHP Jessie Fisher
|
Pitching: RHP Kiyonaga Nakamura
|
|
Batting: RHB David Martin
|
0-0: Fly out, F7 (Line Drive, 7S, EV 85.6 MPH)
|
Batting: RHB Alberto Bravo
|
0-0: Foul Ball, location: 2F 0-1: Ball 1-1: Ball 2-1: Called Strike 2-2: Fly out, F8 (Line Drive, 8LM, EV 89.4 MPH)
|
Batting: RHB Terrell Smith
|
0-0: Fly out, F8 (Flyball, 8LM, EV 84.4 MPH)
|
Top of the 8th over - 0 runs, 0 hits, 0 errors, 0 left on base; Miami Beach 4 - Palm Beach 0 |
BOTTOM OF THE 8TH |
Palm Beach Nationals batting - Pitching for Miami Beach Marlins : RHP Carlos Guerrero
|
Batting: RHB Akira Ishihara
|
0-0: Ball 1-0: Called Strike 1-1: Ball 2-1: Swinging Strike 2-2: Foul Ball, location: 2F 2-2: Ball 3-2: Foul Ball, location: 2F 3-2: Base on Balls
|
Batting: LHB Chris Williams
|
Balk! Akira Ishihara to second 0-0: Swinging Strike 0-1: Ball 1-1: Ball 2-1: Ball 3-1: 2-RUN HOME RUN (Flyball, 8LXD, EV 109.4 MPH), Distance : 447 ft
|
Pitching: LHP Doug Whitling
|
|
Batting: RHB Taffounnout Kame
|
0-0: Ball 1-0: Called Strike 1-1: Foul Ball, location: 2F 1-2: Foul Ball, location: 2F 1-2: Foul Ball, location: 2F 1-2: Ball 2-2: Foul Ball, location: 2F 2-2: Strikes out swinging
|
Batting: RHB Er Le
|
0-0: Called Strike 0-1: Foul Ball, location: 2F 0-2: Foul Ball, location: 2F 0-2: Hit by Pitch
|
Batting: RHB Steve Kunselman
|
0-0: Ball 1-0: Ball 2-0: Ball 3-0: Called Strike 3-1: Base on Balls Er Le to second
|
Batting: RHB Aaron Bateman
|
0-0: Ball 1-0: Called Strike 1-1: Ground out 6-3 (Groundball, 6MS, EV 68.1 MPH) Er Le to third Steve Kunselman to second
|
Batting: RHB Scott Merritt
|
0-0: Swinging Strike 0-1: Foul Ball, location: 2F 0-2: Ball 1-2: Foul Ball, location: 2F 1-2: SINGLE (Line Drive, 3D, EV 100.0 MPH) Er Le scores Steve Kunselman to third Runner from 3rd tries for Home, SAFE, throw by RF to home
|
Pinch Hitting: RHB Vasag Semerjian
|
0-0: Called Strike 0-1: Ball 1-1: Ball 2-1: Foul Ball, location: 2F 2-2: Ball 3-2: Strikes out swinging
|
Bottom of the 8th over - 4 runs, 2 hits, 0 errors, 1 left on base; Miami Beach 4 - Palm Beach 4 |
TOP OF THE 9TH |
Miami Beach Marlins batting - Pitching for Palm Beach Nationals : RHP Kiyonaga Nakamura
|
Now at 1B: Ken Yeadon
|
|
Batting: RHB Clark Meagher
|
0-0: Called Strike 0-1: Ball 1-1: Foul Ball, location: 2F 1-2: Foul Ball, location: 2F 1-2: Strikes out swinging
|
Batting: RHB Manny Gonzalez
|
0-0: Fly out, F9 (Flyball, 9D, EV 98.8 MPH)
|
Pinch Hitting: RHB Jordan Arcidez
|
0-0: Ball 1-0: SOLO HOME RUN (Flyball, 7D, EV 106.9 MPH), Distance : 414 ft
|
Batting: RHB Rafael Irizarry
|
0-0: Ball 1-0: SINGLE (Flyball, 9LS, EV 89.4 MPH)
|
Batting: LHB Dong-u Chang
|
0-0: SINGLE (Flyball, 8RS, EV 86.2 MPH) Rafael Irizarry to second Runner from 2nd tries for 3rd, SAFE, no throw by CF
|
Batting: RHB Scott Talbot
|
0-0: Hit by Pitch Dong-u Chang to second
|
Batting: RHB David Martin
|
0-0: Called Strike 0-1: Ball 1-1: Ball 2-1: Foul Ball, location: 2F 2-2: Ball 3-2: Base on Balls Rafael Irizarry scores Dong-u Chang to third Scott Talbot to second
|
Batting: RHB Alberto Bravo
|
0-0: Ball 1-0: GRAND SLAM HOME RUN (Flyball, 7LD, EV 97.5 MPH), Distance : 382 ft
|
Batting: RHB Terrell Smith
|
0-0: SINGLE (Groundball, 5S, EV 68.8 MPH) (infield hit)
|
Batting: RHB Clark Meagher
|
0-0: Called Strike 0-1: Fly out, F8 (Flyball, 8RXD, EV 91.2 MPH)
|
Top of the 9th over - 6 runs, 5 hits, 0 errors, 1 left on base; Miami Beach 10 - Palm Beach 4 |
BOTTOM OF THE 9TH |
Palm Beach Nationals batting - Pitching for Miami Beach Marlins : LHP Doug Whitling
|
Pitching: RHP Jamie Rappoport
|
|
Now at 1B: Jordan Arcidez
|
|
Pinch Hitting: LHB Mike Hamilton
|
0-0: Foul Ball, location: 2F 0-1: Fly out, F5 (Popup, 5SF, EV 67.5 MPH)
|
Batting: RHB Akira Ishihara
|
0-0: Ball 1-0: Ball 2-0: Ball 3-0: Called Strike 3-1: Base on Balls
|
Batting: LHB Chris Williams
|
0-0: Fly out, F4 (Flyball, 4MD, EV 85.6 MPH)
|
Batting: RHB Taffounnout Kame
|
0-0: Called Strike 0-1: Ball 1-1: Called Strike 1-2: Ball 2-2: Fielders Choice at 2nd, 6-4 (Groundball, 56, EV 82.5 MPH)
|
Bottom of the 9th over - 0 runs, 0 hits, 0 errors, 1 left on base; Miami Beach 10 - Palm Beach 4 |
|